 Dungeon Crawl Stone Soup version 0.26-a0-491-g70697cc071 (webtiles) character file.

Game seed: 5938951282350807089

3 ANON1729 the Sneak (level 1, -2/19 HPs)
             Began as a Palentonga Delver on Aug 4, 2020.
             Slain by a centaur (9 damage)
             ... on level 5 of the Dungeon.
             The game lasted 00:00:32 (157 turns).

ANON1729 the Sneak (Palentonga Delver)               Turns: 157, Time: 00:00:32

Health: -2/19      AC:  4    Str: 13 (15) XL:     1   Next: 41%
Magic:  1/1        EV:  9    Int:  8 (10) God:
Gold:   44         SH:  0    Dex:  9 (11) Spells: 0/0 levels left

rFire    . . .     SeeInvis +   i - +3 falchion (holy)
rCold    . . .     Faith    .   (no shield)
rNeg     . . .     Spirit   .   b - +0 leather armour
rPois    .         Reflect  .   (no helmet)
rElec    .         Harm     .   (no cloak)
rCorr    .                      (no gloves)
MR       .....                  (boots restricted)
Stlth    ++........             (no amulet)
HPRegen  0.06/turn              (no ring)
MPRegen  0.07/turn              (no ring)

@: no status effects
A: large, rugged brown scales 3, see invisible, deformed body, roll, armoured
tail
a: Rolling Charge


You were on level 5 of the Dungeon.
You visited 1 branch of the dungeon, and saw 1 of its levels.

You collected 44 gold pieces.

Inventory:

Hand Weapons
 i - a +3 falchion of holy wrath (weapon)
Armour
 b - a +0 leather armour (worn)
Wands
 g - a wand of digging (3)
Scrolls
 c - a scroll of fog
 d - a scroll of magic mapping
 e - a scroll of fear
Potions
 f - a potion of haste


   Skills:
 + Level 3.0 Fighting
 + Level 2.1 Long Blades
 + Level 1.6 Dodging
 + Level 3.4 Stealth


You couldn't memorise any spells.
You didn't know any spells.
Your spell library was empty.

Dungeon Overview and Level Annotations

Branches:
Dungeon (5/15)
 Temple: D:4-7

Altars:
Okawaru


Innate Abilities, Weirdness & Mutations

You are completely covered in rugged brown scales. (AC +3, +7% HP)
You have supernaturally acute eyesight. (SInv)
Armour fits poorly on your strangely shaped body.
You can roll at foes to attack.
You have a long armoured tail.


Message History

You are too injured to fight recklessly!
You are too injured to fight recklessly!
You are too injured to fight recklessly!
You are too injured to fight recklessly!
You are too injured to fight recklessly!
You are too injured to fight recklessly!
You are too injured to fight recklessly!
You are too injured to fight recklessly!
You are too injured to fight recklessly!
You are too injured to fight recklessly!
You are too injured to fight recklessly!
You are too injured to fight recklessly!
You are too injured to fight recklessly!
You are too injured to fight recklessly!
You are too injured to fight recklessly!
It was a potion of degeneration.
There was something very wrong with that liquid.
You feel weakened.
You feel dopey.
You feel clumsy. The centaur hits you!
You die...

... #. ### ## #. #.
..# #. #. #.# #. #.
#[# #. #. #.# #.
#.###### ##.## #.
#..(...####...####.
#.@###......#......
.......c#
######...#####
######.## ##.## #.
#.# #. #.# #. #.#
#. ..# ## ###


You could see a centaur.

Vanquished Creatures
  An orc (D:5)
  A quokka (D:5)
2 creatures vanquished.

Notes
Turn   | Place    | Note
-------+----------+-------------------------------------------
     0 | D:5      | ANON1729 the Palentonga Delver began the quest for the Orb.
     0 | D:5      | Reached XP level 1. HP: 19/19 MP: 1/1
    55 | D:5      | Found an iron altar of Okawaru.
   152 | D:5      | Noticed a centaur
   157 | D:5      | Slain by a centaur

Illustrated notes

Levels and vault maps discovered:
D:5:      layout_loops_ring, okawaru_ov_weapons_minmay, uniq_crazy_yiuf_cottage

Action                   || total
-------------------------++-------
Melee: Falchion          ||    10
       Tailslap          ||     2
  Use: Potion            ||     1
Armor: Leather armour    ||     4
Dodge: Dodged            ||     6
       Rpst.: Falchion   ||     2

Table legend: (Time is in decaauts)
 A = Elapsed time spent in this place.
 B = Non-inter-level travel time spent in this place.
 C = Inter-level travel time spent in this place.
 D = Time resting spent in this place.
 E = Time spent auto-exploring this place.
 F = Levels seen in this place.
 G = Mean time per level.
                   A        B        C        D        E       F      G
               +--------+--------+--------+--------+--------+-----+--------+
         Total |    158 |    137 |     21 |      0 |    113 |   1 |  158.0 |
       Dungeon |    158 |    137 |     21 |      0 |    113 |   1 |  158.0 |
               +--------+--------+--------+--------+--------+-----+--------+

Top non-repeatable levels by time:
     D:5: 158 daAuts
